 Dungeon Crawl Stone Soup version 0.26-a0-1033-gd598b01645 (webtiles) character file.

Game seed: 16791188864572518062

352 xpt754 the Slasher (level 6, -2/51 HPs)
             Began as a Demigod Fighter on Dec 10, 2020.
             Splashed by an oklob plant's acid (12 damage)
             ... on level 4 of the Dungeon.
             The game lasted 00:03:36 (3075 turns).

xpt754 the Slasher (Demigod Fighter)                Turns: 3075, Time: 00:03:38

Health: -2/51      AC:  5    Str: 23    XL:     6   Next: 12%
Magic:  8/8        EV:  8    Int: 12    God:
Gold:   209        SH: 10    Dex: 15    Spells: 5/5 levels left

rFire    . . .     SeeInvis .   a - +0 long sword
rCold    . . .     Faith    .   c - +0 kite shield
rNeg     . . .     Spirit   .   b - +0 scale mail
rPois    .         Reflect  .   (no helmet)
rElec    .         Harm     .   (no cloak)
rCorr    .         Rampage  .   (no gloves)
Will     .....                  g - +1 pair of boots
Stlth    ..........             (no amulet)
HPRegen  0.17/turn              (no ring)
MPRegen  0.11/turn              (no ring)

@: corroded
A: high mp 1
a: no special abilities


You were on level 4 of the Dungeon.
You visited 1 branch of the dungeon, and saw 4 of its levels.

You collected 209 gold pieces.

Inventory:

Hand Weapons
 a - a +0 long sword (weapon)
Armour
 b - a +0 scale mail (worn)
 c - a +0 kite shield (worn)
 g - a +1 pair of boots (worn)
Jewellery
 o - an uncursed ring of ice {unknown}
 s - an uncursed amulet of faith {unknown}
 u - an uncursed amulet of regeneration {unknown}
Wands
 p - a wand of flame (18)
Scrolls
 e - 4 scrolls of teleportation {unknown}
 f - a scroll of blinking {unknown}
 h - 5 scrolls of identify {unknown}
 i - a scroll of immolation {unknown}
 j - 3 scrolls of remove curse {unknown}
 k - a scroll of enchant armour {unknown}
 l - a scroll of fog {unknown}
 q - a scroll of magic mapping {unknown}
 r - a scroll of amnesia {unknown}
Potions
 d - a potion of might
 m - a potion of lignification {unknown}
 n - a potion of resistance {unknown}
 t - a potion of ambrosia {unknown}
 v - a potion of curing {unknown}
 w - a potion of brilliance {unknown}


   Skills:
 + Level 3.5 Fighting
 + Level 4.1 Long Blades
 + Level 3.7 Armour
 + Level 1.4 Dodging
 + Level 0.1 Stealth
 + Level 3.6 Shields


You had 5 spell levels left.
You didn't know any spells.
Your spell library was empty.

Dungeon Overview and Level Annotations

Branches:
Dungeon (4/15)
 Temple: D:4-7

Annotations:
D:4 exclusion: oklob plant


Innate Abilities, Weirdness & Mutations

You have an increased reservoir of magic. (+10% MP)


Message History

You hit the plant.
The plant is lightly damaged.
A nearby plant withers and dies.
The oklob plant spits acid at you. The splash of acid hits you.
You are splashed with acid!
You hit the oklob plant.
The oklob plant is lightly damaged.
The oklob plant spits acid at you. The splash of acid hits you!
The acid corrodes you!
You are splashed with acid!
You hit the oklob plant but do no damage.
The oklob plant is lightly damaged.
You hit the oklob plant but do no damage.
The oklob plant is lightly damaged.
You hit the oklob plant but do no damage.
The oklob plant is lightly damaged.
The oklob plant spits acid at you. The splash of acid hits you!
* * * LOW HITPOINT WARNING * * *
You are splashed with acid!
You die...

#P.PP.≈≈≈≈._.≈≈≈≈.P♣
##P♣P.≈≈≈≈...≈≈≈≈.P#
#♣PPP.≈≈≈≈≈.≈≈≈
#PPP♣..≈≈≈≈.≈≈≈
#PP.♣♣..≈≈≈.≈≈≈
#PPPPP#..≈≈.≈≈.
#PPPPP.♣.......


#P..#P.PP#PPPPP ##..@..P.PPPPP# #PPP.P#P.PPPPPP #PPPPP.PP♣PPPP. ###############
You could see an oklob plant.

Vanquished Creatures
  An ogre (D:4)
  A howler monkey (D:4)
  Natasha (thrice) (D:2)
  4 gnolls (D:2)
  5 adders
  4 worms
  2 dart slugs
  An orc (D:3)
  6 bats
  5 giant cockroaches
  10 hobgoblins
  3 jackals (D:1)
  2 ball pythons
  5 frilled lizards
  4 goblins
  5 kobolds
  5 rats
66 creatures vanquished.

Vanquished Creatures (others)
  A plant (D:4)
1 creature vanquished.

Grand Total: 67 creatures vanquished

Notes
Turn   | Place    | Note
-------+----------+-------------------------------------------
     0 | D:1      | xpt754 the Demigod Fighter began the quest for the Orb.
     0 | D:1      | Reached XP level 1. HP: 18/18 MP: 3/3
   364 | D:1      | Reached XP level 2. HP: 16/25 MP: 4/4
   731 | D:1      | Reached skill level 2 in Long Blades
   955 | D:2      | Noticed Natasha
   961 | D:2      | Killed Natasha
   962 | D:2      | Reached XP level 3. HP: 28/31 MP: 5/5
  1004 | D:2      | Noticed Natasha
  1008 | D:2      | Killed Natasha
  1009 | D:2      | Reached skill level 1 in Dodging
  1011 | D:2      | Noticed Natasha
  1022 | D:2      | Killed Natasha
  1023 | D:2      | Reached XP level 4. HP: 25/38 MP: 6/6
  1190 | D:2      | Reached skill level 3 in Long Blades
  1398 | D:2      | Reached XP level 5. HP: 28/45 MP: 7/7
  2888 | D:4      | Found a shimmering blue altar of Sif Muna.
  2901 | D:4      | Noticed an ogre
  2907 | D:4      | Killed an ogre
  2908 | D:4      | Reached skill level 4 in Long Blades
  2992 | D:4      | Reached XP level 6. HP: 49/51 MP: 8/8
  3045 | D:4      | Found a blossoming altar of Fedhas.
  3063 | D:4      | Noticed an oklob plant
  3075 | D:4      | Splashed by an oklob plant's acid

Illustrated notes

Levels and vault maps discovered:
D:1:      tarquinn_simple_flora_water_a, layout_basic
D:2:      layout_loops_ring, uniq_natasha
D:3:      layout_loops_corners, chequers_decorated_corner
D:4:      layout_loops_cross, lemuel_doored_altar, kennysheep_another_room,
          tgw_fedhas

Skill      XL: |  1  2  3  4  5 |
---------------+----------------+-----
Armour         | 3 |  3.7
Fighting       | 3 |  3.5
Long Blades    | 2 3 4 |  4.1
Shields        | 3 |  3.6
Dodging        | 1 |  1.4
Stealth        | |  0.1

Action                   |  1- 3 |  4- 6 || total
-------------------------+-------+-------++-------
Melee: Long sword        |    67 |   163 ||   230
Armor: Scale mail        |    28 |    58 ||    86
Dodge: Dodged            |    23 |    76 ||    99
Block: Kite shield       |    47 |    79 ||   126
       Rpst.: Long sword |     9 |    15 ||    24

Table legend: (Time is in decaauts)
 A = Elapsed time spent in this place.
 B = Non-inter-level travel time spent in this place.
 C = Inter-level travel time spent in this place.
 D = Time resting spent in this place.
 E = Time spent auto-exploring this place.
 F = Levels seen in this place.
 G = Mean time per level.
                   A        B        C        D        E       F      G
               +--------+--------+--------+--------+--------+-----+--------+
         Total |   3154 |   3076 |     78 |      0 |   2574 |   4 |  788.5 |
       Dungeon |   3154 |   3076 |     78 |      0 |   2574 |   4 |  788.5 |
               +--------+--------+--------+--------+--------+-----+--------+

Top non-repeatable levels by time:
     D:2: 1084 daAuts
     D:1: 974 daAuts
     D:3: 855 daAuts
     D:4: 239 daAuts
